Unix NetHack Version 3.7.0-102 Work-in-progress - last build Apr 6 2024 13:22:21 (d302a6a9ff6341f1a922d8f5af178406b35fdf99,branch:master). Game began 2024-04-28 19:17:16, ended 2024-05-01 12:40:50. DoktorL, neutral male human Monk ----------------------- ...........a.&..a.A*............. .......H.......----|----&.@..@..... ........Ha.....--%...A..--.A..A...B.. .........DH.0.--.A.H$....--.....a..... ----- ......aa.....%| .....@....|...A.....@. ----- A...| ----...------- ...A...A--------.a.-- |... ---------..-- ----a--- ..A@...-- ----.---- --..---------B |.......|...-- --....?.. -----|----- --A.@....-- --...|.......| |.......|A.A.---........ ---@.@.@....-----a.Aaa..a.---....|a......|g |..A_..."@.AA.@a@a@A@..a |.......)0....||..A@.......-...At-...@...| A A |..@.@..|...A---...... |. ----.---- A|--.@@..a.a.---....|@..@...| |.......|.@.-- --.A.. | @|.......| | --...a&D.-- --...|.......|A@ @ ---------..-- ---- |..DH...| --------- --..--------- @...| @|..@_...| |... D A A ----- |.......| ----- A|.......|@@ A--------- a DoktorL the Student of Waters St:18/02 Dx:18 Co:18 In:9 Wi:17 Ch:13 Neutral S:1078400 Astral Plane $:478 HP:212(224) Pw:83(83) AC:-32 Xp:14/126599 T:35875 Latest messages: Famine moves the priest of Moloch out of the way! The Angel of Shan Lai Ching points at you, then curses. The priest of Shan Lai Ching zaps a wand of magic missile! The magic missile hits the giant beetle! The magic missile hits the trapper! The high priestess drinks a potion of gain level! The high priestess seems more experienced. You hit the trapper with the chickatrice corpse. The trapper is slowing down. The trapper turns to stone. You see here a statue of a trapper. Pestilence moves the renegade Angel of Chih Sung-tzu out of the way! The Angel of Shan Lai Ching points at you, then curses. "Dost thou wish to receive thy final blessing?" The priest of Shan Lai Ching wields a mace! The mace welds itself to the priest of Shan Lai Ching's hand! The high priestess intones: "Pilgrim, you enter a sacred place!" You hit the giant beetle with the chickatrice corpse. The giant beetle is slowing down. The giant beetle turns to stone. The Angel of Shan Lai Ching points at you, then curses. "Thou art but a godless void." The air crackles around the priest of Shan Lai Ching. The priest of Shan Lai Ching turns to flee. You hit the priest of Shan Lai Ching with the chickatrice corpse. The priest of Shan Lai Ching is slowing down. The priest of Shan Lai Ching turns to stone. The Angel of Shan Lai Ching points at you, then curses. The Angel of Shan Lai Ching points at you, then curses. Death moves the giant beetle out of the way! You hear a chugging sound. For some reason, the invisible winged gargoyle's presence is known to you. You feel aggravated at the invisible winged gargoyle. You hear a chugging sound. The Angel of Shan Lai Ching points at you, then curses. There is a high altar to Chih Sung-tzu (neutral) here. # What do you want to sacrifice? [d or ?*] You offer the Amulet of Yendor to Chih Sung-tzu... An invisible choir sings, and you are bathed in radiance... The voice of Chih Sung-tzu thunders: "Mortal, thou hast done well!" "In return for thy service, I grant thee the gift of Immortality!" You ascend to the status of Demigod... Do you want your possessions identified? [ynq] (y) Do you want to see your attributes? [ynq] (y) Do you want an account of creatures vanquished? [ynaq] (y) Do you want a list of species genocided and extinct? [ynaq] (y) Do you want to see your conduct and achievements? [ynq] (y) Do you want to see the dungeon overview? [ynq] (y) Inventory: Coins $ - 478 gold pieces Amulets K - an uncursed amulet of life saving (being worn) Weapons b - 3 +5 spears (at the ready) a - the rustproof +6 Mjollnir Armor L - a blessed fireproof +6 elven leather helm (being worn) H - a blessed very burnt +5 pair of leather gloves (being worn) f - a blessed fireproof +1 pair of jumping boots (being worn) W - an uncursed +5 shield of reflection (being worn) O - an uncursed fireproof +4 cloak of magic resistance (being worn) r - a blessed +5 Hawaiian shirt with a tropical fish motif (being worn) Comestibles Y - an uncursed lembas wafer S - an uncursed chickatrice corpse (wielded) Scrolls Z - a blessed scroll of charging Spellbooks q - the uncursed Book of the Dead Potions z - a blessed diluted potion of full healing N - an uncursed potion of full healing g - a blessed potion of monster detection Rings o - an uncursed ring of free action (on right hand) p - a blessed ring of levitation j - an uncursed +3 ring of protection (on left hand) v - an uncursed +2 ring of protection Wands A - a wand of cancellation (0:2) I - a cursed wand of cancellation (0:5) X - a wand of death (2:4) i - a blessed wand of digging (0:0) B - a wand of digging (0:5) G - a wand of fire (0:6) J - a wand of polymorph (0:5) y - a cursed wand of polymorph (0:3) T - a wand of sleep (0:4) n - a wand of speed monster (1:0) x - a blessed wand of striking (0:0) M - a wand of striking (0:3) m - a wand of teleportation (0:6) h - a wand of teleportation (1:4) Tools t - a blessed greased bag of holding containing 27 items D - an uncursed bugle U - the Bell of Opening (0:0) V - an uncursed blindfold E - the uncursed Candelabrum of Invocation (0 of 7 candles attached) c - the uncursed Eyes of the Overworld (being worn) k - a magic marker (1:32) w - a magic marker (1:5) Q - a magic marker (1:4) F - a magic marker (1:2) l - a blessed oil lamp (lit) P - a blessed oil lamp (lit) s - an uncursed skeleton key e - a blessed +0 unicorn horn Gems/Stones u - a blessed luckstone Contents of the bag of holding: an uncursed amulet of unchanging 4 uncursed food rations 2 uncursed K-rations 4 blessed scrolls of blank paper 4 uncursed scrolls of blank paper named cursed . an uncursed scroll of charging an uncursed scroll of fire a blessed scroll of genocide an uncursed scroll of genocide 3 blessed scrolls of identify 3 uncursed scrolls of identify 2 blessed scrolls of remove curse 2 blessed scrolls of teleportation 4 blessed diluted potions of full healing 3 uncursed diluted potions of full healing 3 potions of holy water an uncursed +0 ring of gain strength an uncursed ring of stealth an uncursed ring of teleportation a wand of cold (0:3) a blessed wand of digging (0:6) a wand of digging (0:4) a wand of make invisible (0:4) a wand of speed monster (0:2) a wand of striking (0:7) a magic marker (1:3) 5 uncursed tallow candles DoktorL the Monk's attributes: Background: You were a Student of Waters, a level 14 male human Monk. You were neutral, on a mission for Chih Sung-tzu who was opposed by Shan Lai Ching (lawful) and Huan Ti (chaotic). You were right-handed. You were in the endgame, on the Astral Plane. You entered the dungeon 35875 turns ago. You had 126599 experience points, 33401 more were needed to attain level 15. Your score was 1078400 before end-of-game adjustments. Basics: You had 212 out of 224 hit points. You had all 83 energy points (spell power). Your armor class was -32. Your wallet contained 478 zorkmids. Autopickup was on for '"?!=/' plus thrown, with exceptions. Final Characteristics: Your strength was 18/02 (limit:18/100). Your dexterity was 18 (limit:18). Your constitution was 18 (limit:18). Your intelligence was 9 (peak:11, limit:18). Your wisdom was 17 (limit:18). Your charisma was 13 (limit:18). Final Status: You weren't hungry. You were unencumbered. You were wielding a corpse. Final Attributes: You were piously aligned. You were magic-protected. You were fire resistant. You were cold resistant. You were sleep resistant. You were poison resistant. You saw invisible. You were telepathic. You were warned. You had automatic searching. You were sensing the presence of monsters. You were invisible to others. You were stealthy. You could jump. You had a large defense bonus (+11). You were guarded. You were very fast. You had reflection. You had free action. Your life would have been saved. You were extremely lucky. You had extra luck. Good luck did not time out for you. You survived. Miscellaneous: You disabled loading of bones levels. Total elapsed playing time was 5 hours, 57 minutes and 33 seconds. Major events: Turn 1: DoktorL the neutral male human Monk entered the dungeon 455: entered the Gnomish Mines 1239: attained the rank of Novice (level 3) 1612: reached Mine Town 2308: attained the rank of Initiate (level 6) 4008: was bestowed with Mjollnir by Chih Sung-tzu 5629: entered Sokoban 6421: completed 2nd Sokoban level 6744: completed 3rd Sokoban level 7602: completed 4th Sokoban level 7931: acquired the Sokoban amulet of reflection 9392: acquired the Mines' End luckstone 17820: made his first wish - "marker", got "a magic marker" 17824: wished for "holy greased bag of holding", got "a greased bag" 17924: wished for "2 cursed genocide", got "2 scrolls called ker 3" 18740: wished for "holy greased +2 cloak of magic resistance", got "a greased piece of cloth" 20820: killed Medusa 22415: attained the rank of Student of Waters (level 14) 22861: killed Master Kaen 22861: found the Eyes of the Overworld carried by a monster 22862: acquired the Bell of Opening 23494: wished for "2 holy scrolls of magic mapping named fuck you game", got "2 scrolls labeled HAPAX LEGOMENON named fuck you game" 23924: entered Gehennom 24228: performed his first genocide (class L) 24231: genocided shocking spheres 24232: genocided master mind flayers 27559: bribed Asmodeus with 650 zorkmids for safe passage 27620: killed Juiblex 29255: killed Orcus 30428: wished for "holy fixed +1 jumping boots", got "a pair of buckled boots" 30479: destroyed Vlad the Impaler 30485: acquired the Candelabrum of Invocation 32728: killed the Wizard of Yendor 32730: acquired the Book of the Dead 32960: performed the invocation 33094: killed the high priestess of Moloch 33097: acquired The Amulet of Yendor 35336: entered the Elemental Planes 35336: entered Plane of Earth 35337: killed the Wizard of Yendor (2nd time) 35360: killed the Wizard of Yendor (3rd time) 35402: wished for "holy ring of levitation", got "an emerald ring" 35405: entered Plane of Air 35444: entered Plane of Fire 35472: entered Plane of Water 35484: genocided class ; 35738: entered the Astral Plane 35753: wished for "chickatrice corpse", got "a chickatrice corpse" 35770: killed Pestilence 35800: killed Pestilence (2nd time) 35820: killed Famine 35841: killed Famine (2nd time) 35860: killed Death 35875: ascended Vanquished creatures: Orcus 3 erinyes Juiblex the Wizard of Yendor (4 times) Death Pestilence (twice) Famine (twice) Vlad the Impaler a high cleric Master Kaen Medusa 11 krakens 4 iron golems 3 storm giants 2 titans 2 glass golems 2 balrogs 5 purple worms a gray dragon a gold dragon 6 red dragons a white dragon an orange dragon 3 black dragons 2 blue dragons 4 green dragons 2 yellow dragons 21 minotaurs 2 jabberwocks 4 baluchitheria 8 Angels a demilich 6 stone golems an Olog-hai a Nazgul 4 pit fiends 2 sandestins 3 hell hounds a displacer beast 2 titanotheres 5 trappers 4 baby red dragons a guardian naga 2 genetic engineers 24 vampire leaders 6 skeletons 20 aligned clerics 4 captains 6 shades 5 liches a clay golem 7 nurses 3 ice devils 7 nalfeshnees 4 lurkers above an Aleax 7 frost giants 2 ettins a golden naga 30 vampires 3 lieutenants 27 ghosts a cleric 2 queen bees 3 winged gargoyles 3 mind flayers 4 giant mimics 3 long worms 2 zruties a fire giant 6 ogre tyrants 12 rock trolls 3 umber hulks 4 flesh golems 5 elven monarchs a doppelganger 9 hezrous 5 bone devils 2 wumpuses 7 fire vortices 10 stalkers 5 air elementals 5 fire elementals 14 earth elementals 19 water elementals 6 hill giants 4 giant mummies a black naga 17 xorns 8 giant zombies an elf-noble 14 sergeants 3 water demons 6 barbed devils 13 vrocks 4 salamanders a warg a winter wolf 10 hell hound pups 8 small mimics 2 warhorses 8 steam vortices 6 xans 6 ettin mummies 7 ogre leaders 12 quantum mechanics 17 trolls 3 sasquatches 2 wood golems 7 mariliths 8 sharks 10 electric eels 8 gelatinous cubes 2 pyrolisks 3 large dogs 4 freezing spheres 15 flaming spheres a shocking sphere 7 tigers 6 gargoyles 2 dwarf rulers 3 tengu 2 ochre jellies 4 leocrottas 4 mountain centaurs 6 stone giants 2 elf mummies 4 human mummies 8 red nagas 2 green slimes 3 pythons 4 pit vipers 8 cobras 26 wraiths 8 carnivorous apes 19 ettin zombies 3 leather golems 10 Grey-elves 56 soldiers 10 amorous demons 6 horned devils 6 chameleons 6 crocodiles 8 giant beetles 5 quivering blobs 19 cockatrices 10 wolves 2 winter wolf cubs 6 lynxes 27 gremlins 17 leprechauns 3 orc-captains 2 iron piercers 4 mumakil 6 giant spiders 6 scorpions 5 horses 2 ice vortices 5 black lights 8 vampire bats 2 forest centaurs 4 gnome rulers 4 orc mummies 5 dwarf mummies 3 brown puddings 8 rust monsters 6 owlbears 7 yetis 6 gold golems 2 werewolves 10 Green-elves 4 piranha 12 giant eels 7 lizards a chickatrice 2 dingoes a dog 2 jaguars 5 dwarf leaders 3 blue jellies 4 white unicorns 3 black unicorns 7 dust vortices 5 ravens 2 plains centaurs 5 gnome mummies 8 snakes 4 apes 23 human zombies a rope golem 11 Woodland-elves 15 soldier ants 18 fire ants 26 bugbears 2 imps 3 quasits a wood nymph 7 water nymphs 4 mountain nymphs 8 Mordor orcs 24 Uruk-hai 5 orc shamans 6 rock piercers 4 rock moles 2 fog clouds 10 yellow lights 3 violet fungi 19 gnome leaders 7 gnomish wizards 7 kobold mummies 5 gray oozes 4 barrow wights 22 elf zombies 18 ghouls 3 straw golems 2 paper golems 4 jellyfish 21 giant ants a little dog 5 floating eyes a kitten 23 dwarves 3 homunculi 6 kobold leaders 2 kobold shamans 36 hill orcs 13 rothes 3 rabid rats 3 centipedes 5 giant bats 19 orc zombies 15 dwarf zombies 2 wererats 2 werejackals 12 iguanas 50 killer bees 3 acid blobs 6 gas spores 5 hobbits a large kobold 25 hobgoblins 6 giant rats 4 cave spiders 4 yellow molds 3 red molds 47 gnomes 2 garter snakes 12 gnome zombies 5 geckos 16 jackals a fox 8 goblins 16 grid bugs 2 bats 5 lichens 6 kobold zombies 13 newts 1796 creatures vanquished. Genocided or extinct species: erinyes (extinct) arch-liches krakens master liches demiliches master mind flayers liches sharks electric eels shocking spheres piranha giant eels jellyfish 12 species genocided. 1 species extinct. Voluntary challenges: You read items or engraved 139 times. You never engraved Elbereth. You genocided 12 types of monsters. You used 8 wishes. You did not wish for any artifacts. You did not violate any of the special Sokoban rules. Achievements: You entered the Gnomish Mines. You entered a shop. You attained the rank of Novice. You entered Minetown. You entered a temple. You attained the rank of Initiate. You entered Sokoban. You completed Sokoban. You completed the Gnomish Mines. You defeated Medusa. You attained the rank of Student of Waters. You had the Bell of Opening. You entered Gehennom. You had the Candelabrum of Invocation. You had the Book of the Dead. You gained access to Moloch's Sanctum. You reached the Elemental Planes. You reached the Astral Plane. You delivered the Amulet of Yendor. You ascended! The Elemental Planes: Astral Plane: <- You are here. Many temples and many altars. Plane of Water: Plane of Fire: Plane of Air: Plane of Earth: The Dungeons of Doom: levels 1 to 25 Level 1: "lockbox" A fountain. One way stairs up to The Elemental Planes. Level 2: Level 3: Stairs down to The Gnomish Mines. Level 4: "V" A shop. Level 5: An altar to Chih Sung-tzu. Level 6: Many fountains. Level 7: Some fountains, a sink. Stairs up to Sokoban, level 6. Level 8: Level 9: A fountain, a sink. Level 10: A general store, an altar to Chih Sung-tzu, a fountain, a sink. Level 11: "W with tele" Level 12: Level 13: A grave. Portal to The Quest. Level 14: A fountain. Level 15: A fountain. Level 16: Level 17: A primitive area. Level 18: "throne" Level 19: Level 20: "THRONE" Level 21: Level 22: "ZOO" Level 23: Level 24: Level 25: A fountain. The castle. Connection to Gehennom. Gehennom: levels 26 to 49 Level 26: A temple and an altar, many graves. Valley of the Dead. Level 27: Level 28: Level 29: A fountain. Level 30: Level 31: Level 32: "chicken" Level 33: Level 34: Stairs up to Vlad's Tower, level 33. Level 35: Level 36: An altar, many graves. Level 37: Level 38: Level 39: Level 40: Level 41: Level 42: Level 43: Level 44: Level 45: Level 46: "TOWER" Level 47: Level 48: Level 49: A temple and an altar, many graves. Moloch's Sanctum. The Gnomish Mines: levels 4 to 11 Level 4: "DIGGER h" Level 5: "another digger" Level 6: A general store, a temple and an altar, many fountains. Level 7: "BOOK" Level 8: Level 9: Level 10: Level 11: A fountain. The Quest: levels 1 to 5 Level 1: A temple and an altar, many trees. Completed quest for the Grand Master. Level 2: Level 3: Level 4: Level 5: Sokoban: levels 6 up to 3 Level 3: Solved. Level 4: Solved. Level 5: Solved. Level 6: Unsolved. Vlad's Tower: levels 33 up to 31 Level 31: A throne. Level 32: Level 33: Goodbye DoktorL the Demigod... You went to your reward with 2223350 points, Mjollnir (worth 4000 zorkmids and 10000 points) The Eyes of the Overworld (worth 2500 zorkmids and 6250 points) The Book of the Dead (worth 10000 zorkmids and 25000 points) The Candelabrum of Invocation (worth 5000 zorkmids and 12500 points) The Bell of Opening (worth 5000 zorkmids and 12500 points) 1 amulet of life saving (worth 150 zorkmids), 1 amulet of unchanging (worth 150 zorkmids), and 478 pieces of gold, after 35875 moves. You were level 14 with a maximum of 224 hit points when you ascended.